Map: Proxima Station LE

Players

HeltEn - Winner!

  • Race: Terran Terran
  • Spawn Location: 7:00

Lovecrit

  • Race: Protoss Protoss
  • Spawn Location: 1:00

Event: WCS Jonkoping 2017

VOD

Have the link to the VOD?

Description

Time

  • Played on: June 17, 2017, 6:50 a.m.
  • Length: 8:48

All games in this series

Show
View Real Time Build Order
Export as new Build Order

HeltEn Terran - Winner!

Build Orders:  

Get SALT Encoding   

  12  0:00  SCV  
  13  0:13  SCV  
  14  0:17  Supply Depot  
  14  0:25  SCV  
  15  0:34  Refinery  
  15  0:39  SCV  
  16  0:44  Barracks  
  16  0:51  SCV  
  17  1:03  SCV  
  18  1:15  SCV  
  19  1:31  Orbital Command  
  19  1:40  Barracks Reactor  
  19  1:44  Command Center  
  19  1:56  Factory  
  19  1:59  SCV  
  20  2:06  Refinery  
  21  2:16  Supply Depot  
  21  2:17  Marine  
  21  2:20  Marine  
  21  2:22  SCV  
  23  2:36  SCV  
  23  2:37  Marine  
  23  2:38  Marine  
  25  2:45  Starport  
  25  2:51  SCV  
  26  2:58  Orbital Command  
  26  3:01  Marine  
  27  3:12  Cyclone  
  30  3:21  Marine  
  30  3:29  Supply Depot  
  30  3:34  Medivac  
  30  3:37  Marine  
  32  3:43  Widow Mine  
  31  3:50  SCV  
  31  3:56  Marine  
  31  4:04  SCV  
  32  4:12  Cyclone  
  32  4:13  Viking  
  37  4:20  Barracks Reactor  
  37  4:22  SCV  
  38  4:26  SCV  
  38  4:29  Supply Depot  
  39  4:34  SCV  
  40  4:43  Viking  
  42  4:57  SCV x2  
  47  5:00  Widow Mine  
  47  5:05  Marine  
  47  5:06  Marine  
  48  5:09  SCV x2  
  50  5:15  Viking  
  52  5:28  SCV x2  
  54  5:35  Marine  
  54  5:40  Marine  
  55  5:43  Command Center  
  55  5:46  Factory Tech Lab  
  55  5:51  Starport Reactor  
  55  5:52  Barracks  
  55  5:53  Marine  
  55  5:54  Barracks  
  55  5:57  SCV x2, Engineering Bay  
  56  6:01  Marine  
  54  6:22  Marine x2  
  54  6:24  SCV  
  54  6:25  SCV  
  56  6:27  Missile Turret  
  56  6:28  Missile Turret  
  54  6:34  Factory Reactor  
  54  6:36  Barracks  
  54  6:39  SCV x2  
  56  6:40  Starport Reactor, Barracks  
  56  6:42  Barracks Tech Lab  
  56  6:46  Marine  
  56  6:47  Marine  
  56  6:52  Refinery x2  
  56  6:53  Marine  
  59  6:58  SCV x2  
  61  7:02  Combat Shields  
  61  7:03  Marine  
  62  7:10  SCV x2  
  62  7:14  Marine x2  
  66  7:17  Marine  
  66  7:19  Widow Mine x2  
  66  7:22  SCV x2, Medivac  
  75  7:25  Barracks Tech Lab  
  75  7:26  Medivac  
  75  7:29  Marine  
  77  7:51  Supply Depot  
  77  7:53  Bunker  
  77  7:55  Supply Depot  
  77  8:02  Concussive Shells  
  77  8:06  Marine  
  77  8:12  Marine  
  85  8:13  Marauder x2  
  85  8:15  Supply Depot x2  
  85  8:16  Marine, Widow Mine x2  
  85  8:17  Marauder  
  85  8:19  Orbital Command  
  92  8:30  Marine  
Show
View Real Time Build Order
Export as new Build Order

Lovecrit Protoss 

Build Orders: Oracle Opening 

Get SALT Encoding   

  12  0:01  Probe (Chrono Boost)  
  13  0:11  Probe (Chrono Boost)  
  14  0:17  Pylon  
  14  0:22  Probe (Chrono Boost)  
  15  0:36  Probe (Chrono Boost)  
  15  0:38  Gateway  
  16  0:46  Probe (Chrono Boost)  
  16  0:48  Assimilator  
  18  0:57  Probe (Chrono Boost), Assimilator  
  18  1:07  Probe (Chrono Boost)  
  19  1:18  Probe (Chrono Boost)  
  20  1:28  Cybernetics Core  
  20  1:29  Probe (Chrono Boost)  
  21  1:40  Probe (Chrono Boost)  
  21  1:43  Pylon  
  22  1:50  Probe (Chrono Boost)  
  23  2:05  Mothership Core (Chrono Boost), Adept  
  27  2:14  Stargate  
  27  2:23  Probe (Chrono Boost)  
  27  2:25  Warp Gate  
  27  2:27  Pylon  
  28  2:34  Probe (Chrono Boost)  
  29  2:44  Probe (Chrono Boost)  
  29  2:45  Adept  
  31  2:52  Pylon  
  31  2:53  Pylon  
  31  2:55  Probe (Chrono Boost)  
  32  3:02  Oracle (Chrono Boost)  
  33  3:21  Probe  
  34  3:39  Nexus  
  34  3:40  Probe  
  35  3:52  Probe  
  36  3:57  Void Ray (Chrono Boost)  
  36  4:00  Pylon  
  38  4:10  Probe  
  38  4:15  Twilight Council  
  34  4:22  Pylon, Probe  
  35  4:29  Forge  
  34  4:34  Probe  
  35  4:44  Gateway  
  35  4:46  Probe  
  35  4:50  Pylon  
  36  4:53  Probe  
  36  4:58  Probe  
  38  5:01  Resonating Glaives, Stalker  
  38  5:02  Mothership Core  
  42  5:10  Probe  
  41  5:22  Probe  
  42  5:29  Stalker  
  42  5:35  Probe  
  45  5:37  Probe  
  46  5:44  Stalker  
  46  5:47  Probe  
  46  5:48  Protoss Ground Weapons Level 1 (Chrono Boost)  
  46  5:49  Probe  
  50  5:53  Assimilator  
  50  5:59  Probe  
  50  6:00  Gateway  
  50  6:01  Probe  
  50  6:02  Gateway  
  44  6:19  Stalker x2  
  44  6:22  Probe x2 (Chrono Boost)  
  44  6:34  Probe x2 (Chrono Boost)  
  46  6:45  Probe x2 (Chrono Boost)  
  48  6:47  Gateway  
  48  6:49  Gateway  
  48  6:52  Gateway  
  48  6:55  Sentry x2  
  48  6:56  Sentry  
  54  7:06  Pylon  
  54  7:08  Pylon  
  54  7:10  Pylon  
  54  7:21  Pylon  
  54  7:25  Adept x4  
  62  7:40  Gateway  
  62  7:47  Adept x2  
  62  7:48  Adept x2  
  70  7:54  Sentry x2  
  74  8:16  Adept x5  
  74  8:17  Adept  
  60  8:40  Adept x5  
  60  8:41  Adept  
Tags
 
Add a new tag
Caveats
  • Supply blocks, unpowered buildings, or Contaminate may cause inaccurate times.
  • Supply counts are checked every 10 seconds.